 Dungeon Crawl Stone Soup version 0.20.1-1-g8b1a95d (webtiles) character file.

308 straycat the Sneak (level 6, -1/49 HPs)
             Began as a Vampire Wanderer on Dec 27, 2017.
             Slain by an orc
             ... wielding a +0 whip
              (5 damage)
             ... on level 3 of the Dungeon.
             The game lasted 00:21:23 (2743 turns).

straycat the Sneak (Vampire Wanderer)               Turns: 2743, Time: 00:21:24

Health: -1/49      AC:  0    Str:  9    XL:     6   Next: 17%
Magic:  4/6        EV: 26    Int: 14    God:
Gold:   30         SH:  0    Dex: 23    Spells: 5/5 levels left

rFire    . . .     SeeInvis +   (weapon currently unavailable)
rCold    . . .     Gourm    .   (shield currently unavailable)
rNeg     + . .     Faith    .   (armour currently unavailable)
rPois    .         Spirit   .   (helmet currently unavailable)
rElec    .         Reflect  .   (cloak currently unavailable)
rCorr    .         Harm     .   (gloves currently unavailable)
MR       .....                  (boots currently unavailable)
Stlth    ++++......             (no amulet)
Regen    0.2/turn               (ring currently unavailable)
MPRegen  0.1/turn               (ring currently unavailable)

@: confused, bat-form, flying, very quick
A: fangs 3, see invisible
a: End Transformation


You were on level 3 of the Dungeon.
You were not thirsty.
You were in vampire-bat-form.
You visited 1 branch of the dungeon, and saw 3 of its levels.

You collected 30 gold pieces.

Inventory:

Hand Weapons
 a - a +2 spear (melded)
 b - a +0 short sword
 d - a +0 scythe
 e - a +0 dagger
Missiles
 n - 38 arrows
 t - 17 poisoned needles
Armour
 c - a scarf of cloud immunity (melded)
 i - a +0 ring mail (melded)
 q - a +0 large shield
 s - a +0 scale mail
 u - a +0 leather armour
Jewellery
 g - a ring of poison resistance (melded)
 l - a ring of stealth (melded)
Scrolls
 j - a scroll of fog {unknown}
 o - 4 scrolls of remove curse
Potions
 f - 12 potions of blood
 h - a potion of might
 p - 2 potions of agility {unknown}
 r - 2 potions of flight


   Skills:
 - Level 4.5 Fighting
 - Level 1.0 Armour
 * Level 6.1 Dodging
 + Level 6.1 Stealth


You had 5 spell levels left.
You didn't know any spells.

Dungeon Overview and Level Annotations

Branches:
Dungeon (3/15)

Altars:
Cheibriados

Annotations:
D:3 Edwards80's ghost, amateur DrBe


Innate Abilities, Weirdness & Mutations

You have razor-sharp teeth.
You have supernaturally acute eyesight. (SInv)
((You can survive without breathing.))


Message History

The orc wizard barely misses you.
You turn into a vampire bat.
Your +2 spear melds into your body.
Your scarf of cloud immunity melds into your body.
Your +0 ring mail melds into your body.
Your ring of poison resistance melds into your body.
Your ring of stealth melds into your body.
You feel vulnerable to the effects of clouds.
The orc completely misses you.
The orc wizard gestures at you while chanting.
You are confused.
You closely miss the orc wizard.
The orc wizard is severely wounded.
The orc completely misses you. The orc wizard closely misses you.
The orc wizard points at you and mumbles some strange words.
The puff of flame hits you!
* * * LOW HITPOINT WARNING * * *
The orc wizard casts a spell.
The orc wizard flickers and vanishes for a moment.
The orc hits you with a whip.
You die...

#♣.♣.♣.....PP.. #.......#
#####....PP..# #.......#
######.#P..♣P.# #.......###
...†.#...P♣♣.P# #.........###
.....#.P♣♣♣..P########.......#
.....#.#..♣♣.P)............#...
......(.(P.....).[.........# ##
.....#......##)o..............
.....#(.....##.ob..........###
...###......##.............#
%..# #......##.............#
...# #......##.............#
...# #......##........######
..♣# #......########.##
.......# ..# .# #


You could see an orc wizard (invisible) and an orc.

Vanquished Creatures
  Sigmund (D:2)
  An orc wizard (D:3)
  4 gnolls (D:2)
  2 adders
  3 dart slugs (D:2)
  A leopard gecko (D:2)
  3 orcs (D:3)
  7 giant cockroaches
  9 goblins
  8 hobgoblins
  6 jackals
  5 kobolds
  9 bats
  3 frilled lizards
  6 rats
68 creatures vanquished.

Notes
Turn   | Place    | Note
-------+----------+-------------------------------------------
     0 | D:1      | straycat the Vampire Wanderer began the quest for the Orb.
     0 | D:1      | straycat set off with: a +2 spear, a +0 short sword, a potion of curing, a +0 robe, a +0 dagger, a potion of blood
     0 | D:1      | Reached XP level 1. HP: 20/20 MP: 1/1
   245 | D:1      | Reached XP level 2. HP: 26/26 MP: 2/2
  1277 | D:2      | Noticed Sigmund
  1332 | D:2      | Reached XP level 3. HP: 31/31 MP: 3/3
  1710 | D:3      | Noticed Edwards80's ghost (amateur DrBe)
  1749 | D:2      | Reached XP level 4. HP: 33/38 MP: 4/4
  1782 | D:2      | HP: 1/38 [gnoll/whip (8)]
  2203 | D:2      | Killed Sigmund
  2203 | D:2      | Reached skill level 5 in Dodging
  2203 | D:2      | Reached skill level 5 in Stealth
  2203 | D:2      | Reached XP level 5. HP: 43/43 MP: 5/5
  2216 | D:2      | Found a snail-covered altar of Cheibriados.
  2347 | D:2      | Reached XP level 6. HP: 46/49 MP: 6/6
  2743 | D:3      | Slain by an orc

Skill      XL: |  1  2  3  4  5  6 |
---------------+-------------------+-----
Dodging        | 3 4 5 6 |  6.1
Stealth        | 4 5 6 |  6.1
Fighting       | |  4.5
Armour         | |  1.0

Action                   |  1- 3 |  4- 6 || total
-------------------------+-------+-------++-------
Melee: Spear             |   152 |   128 ||   280
       Bite              |     8 |    10 ||    18
       Unarmed           |       |     1 ||     1
 Abil: Bat Form          |       |     1 ||     1
  Use: Potion            |    10 |     3 ||    13
       Scroll            |     5 |       ||     5
 Stab: Sleeping          |     7 |     2 ||     9
Armor: Robe              |    42 |       ||    42
       Leather armour    |     1 |     5 ||     6
       Ring mail         |       |    40 ||    40
Dodge: Dodged            |   115 |   127 ||   242
Block: Large shield      |       |     1 ||     1
